 Dungeon Crawl Stone Soup version 0.26.1-11-gd32895ea62 (webtiles) character file.

Game seed: 16217169595538219489

21 Zeld the Twirler (level 2, 0/19 HPs)
             Began as an Octopode Gladiator on May 22, 2021.
             Slain by an adder (1 damage)
             ... on level 3 of the Dungeon.
             The game lasted 00:00:46 (821 turns).

Zeld the Twirler (Octopode Gladiator)                Turns: 821, Time: 00:00:46

Health: 0/19       AC:  1    Str: 13    XL:     2   Next: 87%
Magic:  2/2        EV: 14    Int: 10    God:
Gold:   31         SH:  0    Dex: 13    Spells: 1/1 levels left

rFire    . . .     SeeInvis .   a - +0 quarterstaff
rCold    . . .     Faith    .   (shield currently unavailable)
rNeg     . . .     Spirit   .   b - +0 hat
rPois    .         Reflect  .   (no amulet)
rElec    .         Harm     .   (no ring)
rCorr    .         Rampage  .   (no ring)
Will     .....                  (no ring)
Stlth    ++........             (no ring)
HPRegen  0.06/turn              (no ring)
MPRegen  0.08/turn              (no ring)
                                (no ring)
                                (no ring)

@: lethally poisoned (0 -> -8)
A: almost no armour, stealthy swim, amphibious, 8 rings, constrict 8, camouflage
1, gelatinous body 1
a: no special abilities


You were on level 3 of the Dungeon.
You visited 1 branch of the dungeon, and saw 4 of its levels.

You collected 31 gold pieces.

Inventory:

Hand Weapons
 a - a +0 quarterstaff (weapon)
Missiles
 c - 3 throwing nets (quivered)
Armour
 b - a +0 hat (worn)
Scrolls
 d - a scroll of enchant armour {unknown}
 f - 2 scrolls of identify {unknown}
 g - a scroll of magic mapping {unknown}
Potions
 e - a potion of might {unknown}


   Skills:
 - Level 2.0 Fighting
 * Level 4.0 Staves
 - Level 2.0 Throwing
 - Level 3.0 Dodging


You had one spell level left.
You didn't know any spells.
Your spell library was empty.

Dungeon Overview and Level Annotations

Branches:
Dungeon (4/15)
 Temple: D:4-7

Altars:

Annotations:
D:4 Ijyb


Innate Abilities, Weirdness & Mutations

You cannot wear most types of armour.
You are very stealthy in the water. (Stealth+)
You are amphibious.
You can wear up to eight rings at the same time.
You can use your tentacles to constrict eight enemies at once.
Your skin changes colour to match your surroundings (Stealth+).
Your rubbery body absorbs attacks. (AC +1, EV +1)


Message History

You constrict the adder.
You feel sick. The adder bites you. x2
You are lethally poisoned!
The adder poisons you! The adder bites you.
* * * LOW HITPOINT WARNING * * *
You are too injured to fight recklessly!
You are too injured to fight recklessly!
You are too injured to fight recklessly!
You sock the adder!
You kill the adder!
* * * LOW HITPOINT WARNING * * *
You feel sick. The adder barely misses you. The adder closely misses you.
You hit the ooze. You squeeze the ooze.
You kill the ooze!
* * * LOW HITPOINT WARNING * * *
You feel sick. The adder barely misses you.
Your Staves skill increases to level 4!
You see here an adder corpse.
* * * LOW HITPOINT WARNING * * *
You feel sick. The adder bites you.
You die...

###.......##..#)#...........#.
#..........#.##.>.......##../.
#<...).....#.###.......##.....
#............###)##....#......
#.......................?.....
#....................#........
#..........###....#######.....
#..........##....## ......
#...>......#.@..## ......
#...........S##..####. ......
#.............†.....[.........
#######..######....#... ...
#..# ###...... #### ##....
#... ... ..


You could see an adder.

Vanquished Creatures
  An adder (D:3)
  An ooze (D:3)
  A leopard gecko (D:3)
  A goblin (D:3)
  2 hobgoblins
  A jackal (D:3)
7 creatures vanquished.

Notes
Turn   | Place    | Note
-------+----------+-------------------------------------------
     0 | D:1      | Zeld the Octopode Gladiator began the quest for the Orb.
     0 | D:1      | Reached XP level 1. HP: 14/14 MP: 1/1
   120 | D:4      | Noticed a scorpion
   129 | D:4      | Noticed Ijyb
   129 | D:4      | Noticed an iguana
   815 | D:3      | Reached XP level 2. HP: 19/19 MP: 2/2
   820 | D:3      | Reached skill level 4 in Staves
   821 | D:3      | Slain by an adder

Illustrated notes

Levels and vault maps discovered:
D:1:      evilmike_arrival_home_sweet_home, layout_loops_ring
D:2:      layout_basic, nicolae_overflow_crystal_walls
D:3:      layout_rooms, okawaru_metal_pillars_1_2
D:4:      layout_cave_pools, overflow_temple_1_default,
          ebering_ghost_rock_garden, uniq_ijyb

Skill      XL: |  1  2 |
---------------+-------+-----
Staves         | 4 |  4.0
Fighting       | |  2.0
Throwing       | |  2.0
Dodging        | |  3.0

Action                   || total
-------------------------++-------
Melee: Quarterstaff      ||    15
       Unarmed           ||     5
       Constrict         ||     4
       Tentacles         ||     2
Armor: Skin              ||     1
Dodge: Dodged            ||    31
